 Dungeon Crawl Stone Soup version 0.29.1-15-g9cfb28693d (webtiles) character file.

Game seed: 10524018436800621315

248225 MacCMillion the Warrior (level 19, -27/150 HPs)
             Began as a Felid Summoner on Mar 16, 2023.
             Was a Believer of Jiyva.
             Annihilated by a reaper
             ... wielding a +1 vampiric scythe
              (46 damage)
             ... on level 2 of the Crypt.
             The game lasted 04:03:17 (84147 turns).

MacCMillion the Warrior (Felid Summoner)           Turns: 84147, Time: 04:03:17

Health: -27/150    AC: 16    Str: 20    XL:     19   Next: 24%
Magic:  30/37      EV: 15    Int: 29    God:    Jiyva [**....]
Gold:   1032       SH:  0    Dex: 13    Spells: 5/44 levels left
                                        Lives:  0   Deaths: 6

rFire   + + .      SeeInvis +     - Unarmed
rCold   . . .      Faith    .   (shield unavailable)
rNeg    . . .      Spirit   .   (body armour unavailable)
rPois   +          Reflect  .   (helmet unavailable)
rElec   .          Harm     .   (cloak unavailable)
rCorr   +          Rampage  .   (gloves unavailable)
Will    ++...                   (boots unavailable)
Stlth   ++........              c - amulet of magic regeneration
HPRegen 1.31/turn               f - ring "Riamet" {Str+6 Int+5 Dex-5}
MPRegen 0.95/turn               K - ring of protection from cold

@: dragon-form, forested, flying
A: dragon claw, dragon scales, breathe fire, flying, boosted hp, giant, (claws
1), (fangs 3), see invisible, (speed 1), (shaggy fur 3), (stealthy paws), no
weapons or thrown items, no armour, multi-lived
}: 1/15 runes: barnacled
a: Breathe Fire, End Transformation, Renounce Religion


You were on level 2 of the Crypt.
You worshipped Jiyva.
Jiyva was pleased with you.
You were a fearsome dragon!
You visited 9 branches of the dungeon, and saw 40 of its levels.
You visited 1 bazaar.
You also visited: Wizlab.

You collected 17212 gold pieces.
You spent 5219 gold pieces at shops.
You paid 10961 gold pieces to Gozag.

Inventory:

Jewellery
 c - an amulet of magic regeneration (around neck)
 d - a ring of protection from fire
 e - a ring of flight
 f - the ring "Riamet" (left foreclaw) {Str+6 Int+5 Dex-5}
   (You took it off a deep elf elementalist on level 3 of the Elven Halls)

   [ring of strength]

   Str:       It affects your strength (+6).
   Int:       It affects your intelligence (+5).
   Dex:       It affects your dexterity (-5).
 k - the ring "Ujy Mank" {+Blink rElec rF- rCorr}
   (You found it on level 1 of the Shoals)

   [ring of resist corrosion]

   rF:        It makes you vulnerable to fire.
   rElec:     It insulates you from electricity.
   +Blink:    It lets you blink.
   rCorr:     It protects you from acid and corrosion.
 r - an amulet of the acrobat
 s - the ring of Eternity {rElec rCorr Str-2 Dex+2}
   (You took it off a deep elf elementalist on level 3 of the Elven Halls)

   [ring of resist corrosion]

   Str:       It affects your strength (-2).
   Dex:       It affects your dexterity (+2).
   rElec:     It insulates you from electricity.
   rCorr:     It protects you from acid and corrosion.
 w - a +6 ring of dexterity
 C - an amulet of guardian spirit
 K - a ring of protection from cold (right foreclaw)
 M - a ring of positive energy
 N - a ring of magical power
 O - a +4 ring of protection
 T - a ring of poison resistance
 U - the ring "Sinet" {rF+ Will++}
   (You found it on level 3 of the Shoals)

   [ring of protection from fire]

   rF:        It protects you from fire.
   Will:      It greatly increases your willpower.
 Y - the ring of Shadows {Umbra +Inv Stlth+}
   (You found it on level 1 of the Orcish Mines)

   [ring of stealth]

   It surrounds you with an aura of shadow, increasing your stealth and reducing
   the accuracy of all others within it.
   +Inv:      It lets you turn invisible.
   Stlth:     It makes you more stealthy.
Wands
 q - a wand of mindburst (26)
 y - a wand of paralysis (24)
 B - a wand of quicksilver (21)
 D - a wand of iceblast (33)
 F - a wand of flame (52)
 L - a wand of polymorph (10)
 Z - a wand of digging (5)
Scrolls
 g - 4 scrolls of torment
 h - 5 scrolls of fear
 j - 16 scrolls of teleportation
 n - 4 scrolls of immolation
 t - 8 scrolls of poison
 u - 6 scrolls of magic mapping
 A - 6 scrolls of blinking
 E - 6 scrolls of butterflies
 H - 9 scrolls of amnesia
 I - 4 scrolls of noise
 P - 7 scrolls of vulnerability
 Q - 2 scrolls of summoning
 R - 2 scrolls of silence
Potions
 a - 4 potions of magic
 b - 9 potions of curing
 i - 5 potions of resistance
 l - 8 potions of might
 m - 8 potions of berserk rage
 o - 12 potions of ambrosia
 p - 6 potions of heal wounds
 v - 6 potions of attraction
 x - 9 potions of flight
 z - 12 potions of mutation
 G - 15 potions of haste
 J - 7 potions of brilliance
 V - 2 potions of invisibility
 W - 3 potions of cancellation
Miscellaneous
 S - a phantom mirror (inert)
 X - a phial of floods


   Skills:
 - Level 19.3 Fighting
 - Level 19.0 Dodging
 - Level 3.0 Stealth
 - Level 16.0 Unarmed Combat
 - Level 13.2 Spellcasting
 - Level 5.0 Hexes
 - Level 13.8 Summonings
 - Level 15.3 Translocations
 - Level 16.0 Transmutations
 + Level 12.2 Air Magic


You had 5 spell levels left.
You knew the following spells:

 Your Spells              Type           Power      Damage    Failure   Level
a - Manifold Assault      Tloc           83%        N/A       1%          5
c - Summon Guardian Gole  Hex/Summ       65%        N/A       1%          3
d - Summon Lightning Spi  Summ/Air       76%        N/A       1%          4
e - Summon Cactus Giant   Summ           39%        N/A       1%          6
f - Dragon Form           Tmut           42%        N/A       3%          7
g - Summon Forest         Summ/Tloc      40%        N/A       1%          5
h - Blink                 Tloc           100%       N/A       0%          2
i - Wereblood             Tmut           84%        N/A       0%          2
j - Yara's Violent Unrav  Hex/Tmut       34%        3d14      1%          5

Your spell library contained the following spells:

 Spells                   Type           Power      Damage    Failure   Level
 Summon Small Mammal      Summ           100%       N/A       0%          1
 Call Imp                 Summ           79%        N/A       0%          2
 Gell's Gravitas          Tloc           83%        N/A       0%          3
 Lesser Beckoning         Tloc           83%        N/A       0%          3
 Teleport Other           Tloc           83%        N/A       0%          3
 Slow                     Hex            100%       N/A       1%          1
 Sting                    Tmut/Pois      100%       1d8       1%          1
 Ensorcelled Hibernation  Hex/Ice        66%        N/A       1%          2
 Passwall                 Tmut/Erth      50%        N/A       1%          2
 Poisonous Vapours        Pois/Air       100%       N/A       1%          2
 Static Discharge         Conj/Air       53%        3-10/arc  1%          2
 Call Canine Familiar     Summ           79%        N/A       1%          3
 Confusing Touch          Hex            48%        N/A       1%          3
 Swiftness                Air            74%        N/A       1%          3
 Tukima's Dance           Hex            48%        N/A       1%          3
 Ice Form                 Ice/Tmut       60%        N/A       1%          4
 Iskenderun's Mystic Bla  Conj/Tloc      59%        2d12      1%          4
 Passage of Golubria      Tloc           83%        N/A       1%          4
 Petrify                  Tmut/Erth      60%        N/A       1%          4
 Blade Hands              Tmut           42%        N/A       1%          5
 Summon Mana Viper        Hex/Summ       65%        N/A       1%          5
 Freeze                   Ice            76%        1d9       2%          1
 Alistair's Intoxication  Tmut/Pois      40%        N/A       2%          5
 Irradiate                Conj/Tmut      30%        3d21      2%          5
 Silence                  Hex/Air        31%        N/A       2%          5
 Dazzling Flash           Conj/Hex       66%        N/A       3%          3
 Sublimation of Blood     Necr           19%        N/A       4%          2
 Lightning Bolt           Conj/Air       26%        1d42      6%          5
 Conjure Flame            Conj/Fire      19%        6-21      9%          3
 Frozen Ramparts          Ice            38%        1d6       9%          3
 Stone Arrow              Conj/Erth      38%        3d9       9%          3
 Vampiric Draining        Necr           19%        2d7       9%          3
 Fulminant Prism          Conj/Hex       16%        3d11      10%         4
 Leda's Liquefaction      Hex/Erth       16%        N/A       10%         4
 Hailstorm                Conj/Ice       19%        3d6       26%         4
 Olgreb's Toxic Radiance  Pois           19%        N/A       26%         4
 Agony                    Necr           19%        N/A       58%         5
 Borgnjor's Vile Clutch   Necr/Erth      9%         N/A       58%         5
 Fireball                 Conj/Fire      9%         3d6       58%         5
 Iskenderun's Battlesphe  Conj           19%        2d7       58%         5
 Lee's Rapid Deconstruct  Erth           9%         3d8*      58%         5
 Storm Form               Tmut/Air       39%        N/A       7%          7
 Summon Hydra             Summ           39%        N/A       8%          7
 Eringya's Noxious Bog    Tmut/Pois      30%        N/A       16%         6
 Statue Form              Tmut/Erth      40%        N/A       16%         6
 Conjure Ball Lightning   Conj/Air       26%        3x3d7     32%         6
 Maxwell's Capacitive Co  Air            37%        ∞         75%         8
 Iron Shot                Conj/Erth      9%         9d3       99%         6
 Simulacrum               Ice/Necr       9%         N/A       99%         6
 Starburst                Conj/Fire      9%         6d5       99%         6
 Orb of Destruction       Conj           9%         9d6       100%        7
 Lehudib's Crystal Spear  Conj/Erth      9%         10d4      100%        8
 Portal Projectile        Hex/Tloc       Unusable   N/A       N/A         3

Dungeon Overview and Level Annotations

Branches:
Dungeon (15/15)            Temple (1/1) D:6            Lair (5/5) D:8
 Shoals (4/4) Lair:3       Spider (4/4) Lair:3        Slime (0/5) Lair:4
    Orc (2/2) D:9             Elf (3/3) Orc:2        Vaults (4/5) D:13
  Crypt (2/3) Vaults:2     Depths (0/4) D:15         WizLab (visited)

Altars:
Ashenzari
Cheibriados
Dithmenos
Elyvilon
Fedhas
Gozag
Hepliaklqana
Kikubaaqudgha
Makhleb
Nemelex Xobeh
Okawaru
Qazlal
Ru
Sif Muna
Trog
Uskayaw
Vehumet
Wu Jian
Xom
Yredelemnul
Zin
The Shining One
Jiyva
Lugonu

Shops:
D:3 ?   D:8 ?=:?:::   D:15 =   Orc:2 *?:[   Elf:3 [   Lair:4 :!!   Vaults:2 *
Vaults:3 :[[(

Portals:
Abyss: D:10
Pandemonium: Orc:2
Trove: Vaults:1 (show slimy rune of Zot)

Annotations:
D:3 1 runed translucent door, Crazy Yiuf
D:5 Grinder
Lair:2 exclusion: 2 oklob plants
Lair:3 Fannar


Innate Abilities, Weirdness & Mutations

You are a fearsome dragon!
You have a powerful clawing attack.
Your giant scaled body is strong and resiliant, but less evasive.
You can breathe fire.
You are flying.
Your maximum health is greatly increased.
((You have sharp claws.))
((You have razor-sharp teeth.))
You have supernaturally acute eyesight. (SInv)
((You cover ground quickly. (Speed+)))
((Your thick and shaggy fur keeps you warm. (AC +3, rC+)))
((Your paws help you pounce on unaware monsters.))
You are incapable of wielding weapons or throwing items.
You cannot wear armour.
You gain extra lives every three experience levels.


Message History

H - 9 scrolls of amnesia (gained 1)
You see here a +0 robe.
A reaper is nearby!
Casting: Dragon Form (dangerous; 3% risk of failure)
Confirm with . or Enter, or press ? or * to list all spells.
The reaper hits you from afar with a +1 vampiric scythe!!!
The reaper draws strength from your wounds!
Your cactus giant barely misses the reaper.
Casting: Summon Cactus Giant (mildly dangerous; 1% risk of failure)
Confirm with . or Enter, or press ? or * to list all spells.
A forested plane collides here with a resounding crunch!
Your dryad calls out to the forest.
The forest starts to sway and rumble!
The reaper closely misses you.
Space momentarily warps into an impossible shape!
You claw the reaper!
The reaper hits you from afar with a +1 vampiric scythe!!!
The reaper draws strength from your wounds!
You swap places.
Something hits your dryad!!!
Your dryad dies!
Your dryad's corpse disappears in a puff of smoke!
The forest abruptly stops moving.
You are too injured to fight recklessly!
Okay, then.
Aiming: Phantom Mirror
Press: ? - help, Dir - move target, f - reaper
Aim: a reaper, wielding a +1 vampiric scythe (moderately wounded, berserk, incited by Gozag, ally target)
You reflect the reaper with the mirror!
The mirror clouds!
Your reaper hits the reaper with a +1 vampiric scythe!!!
The reaper hits you from afar with a +1 vampiric scythe!
The reaper draws strength from your wounds!
Your cactus giant hits the reaper with a +0 giant spiked club!
Your reaper hits the reaper with a +1 vampiric scythe!
The reaper hits you from afar with a +1 vampiric scythe!!!
* * * LOW HITPOINT WARNING * * *
Unknown command.
Your reaper hits the reaper with a +1 vampiric scythe!!
Your reaper barely misses the reaper.
Your reaper hits the reaper from afar with a +1 vampiric scythe.
The reaper hits you from afar with a +1 vampiric scythe!!!
You die...

#######♣♣♣♣♣♣#♣♣♣####♣##
######................♣..~~.##
#....'.................♣~~~..##
##....'.........♣..2.C[.~~~"...##
......'.........♣...♣...~~~~....'
...##.#.........D.2.....~♣♣.....'
'''##.##.....♣..........[....†..'
....#.####'''#♣♣#''##♣♣##♣......#
.^..'........###♣..# #'''####
....'..............# #...# #
....'..............# #...####
...##.####........## #.......
?.###.# #+++###### ###.....
''###.# #.....


You could see a reaper (berserk, incited, ally target), a friendly reaper
(summoned, berserk, incited, drained) and a friendly cactus giant (summoned).

Vanquished Creatures
  Frederick (Crypt:1)
  Boris (Crypt:2)
  Bai Suzhen (Crypt:1)
  Arachne (Spider:2)
  2 walking earthen tomes (WizLab)
  Asterion (Vaults:1)
  A walking frostbound tome (WizLab)
  2 deep elf blademasters (Elf:3)
  4 deep elf master archers (Elf:3)
  2 sphinxes (Vaults:2)
  A tengu reaver (Vaults:1)
  2 revenants
  2 strange machines (WizLab)
  A fire giant (Vaults:1)
  A juggernaut zombie (Crypt:1)
  6 vault wardens
  6 deep elf sorcerers (Elf:3)
  A ghost moth (Spider:4)
  An orc warlord (Vaults:1)
  A curse skull (Crypt:1)
  A broodmother (Spider:4)
  10 ironbound preservers
  7 deep elf elementalists (Elf:3)
  3 very ugly things (Vaults:2)
  3 ironbound thunderhulks
  4 vampire knights
  4 deep elf demonologists
  5 deep elf annihilators
  2 entropy weavers
  A minotaur (Shoals:3)
  18 dire elephants
  3 merfolk javelineers
  11 jiangshi
  5 merfolk impalers
  4 deep elf death magi
  6 eidola
  2 deep elf high priests
  6 yaktaur captains
  2 great orbs of eyes
  5 rakshasas (WizLab)
  A boulder beetle (Vaults:1)
  3 vault guards (Vaults:2)
  2 merfolk avatars
  6 ironbound frosthearts
  An alligator snapping turtle (Shoals:4)
  An ogre mage (Vaults:1)
  A death knight (Crypt:1)
  19 dancing weapons
  2 centaur warriors
  4 merfolk aquamancers (Shoals:4)
  A satyr (Shoals:3)
  5 vampire magi
  An azure jelly zombie (Crypt:2)
  A soul eater (Crypt:2)
  14 deep elf knights
  3 pharaoh ants
  9 sea snakes
  10 skeletal warriors
  3 flayed ghosts (Crypt:2)
  23 deep trolls
  11 deep elf archers
  A wolf spider zombie (Spider:3)
  3 steelbarb worms
  11 ironbound convokers
  6 lindwurms
  A spectral wolf spider (Spider:3)
  2 wizards
  A shadow dragon zombie (Crypt:1)
  9 orc knights (Vaults:1)
  3 phantasmal warriors
  An iron giant skeleton (Crypt:1)
  31 deep elf zephyrmancers
  10 harpies
  19 deep elf pyromancers
  5 ugly things
  3 cyclopes
  9 wolf spiders
  2 tengu skeletons (Vaults:2)
  7 slime creatures (Vaults:1)
  10 fauns
  10 manticores
  9 merfolk sirens
  2 frost giant skeletons
  9 vault sentinels
  2 torpor snails (Spider:1)
  2 water nymphs (Shoals:3)
  A dire elephant skeleton (Crypt:1)
  9 yaktaurs
  4 freezing wraiths (Crypt:1)
  10 demonic crawlers
  2 yaktaur skeletons (Vaults:2)
  An iron troll skeleton (Crypt:2)
  20 merfolk
  5 tarantellas
  3 meliai (Shoals:3)
  8 wind drakes
  A death drake skeleton (Crypt:1)
  7 dream sheep
  A wolf spider simulacrum (Spider:3)
  7 snapping turtles
  A blink frog (shapeshifter) (Elf:2)
  5 flying skulls
  An ettin skeleton (Vaults:2)
  7 culicivoras
  3 air elementals
  4 jumping spiders
  6 water elementals
  5 wraiths
  2 fire elementals
  13 redbacks
  An acid dragon (shapeshifter) (Elf:1)
  3 nameless horrors
  4 boggarts (Vaults:3)
  2 human skeletons (Vaults:2)
  A centaur (D:5)
  A blink frog skeleton (Crypt:1)
  An elephant skeleton (Crypt:2)
  5 earth elementals
  A spriggan zombie (Crypt:1)
  A polar bear skeleton (Crypt:2)
  An orc priest (D:10)
  An endoplasm zombie (Crypt:2)
  A river rat zombie (Crypt:2)
  2 tentacles (Shoals:2)
580 creatures vanquished.

Vanquished Creatures (collateral kills)
  Rupert (D:12)
  Zenata (Crypt:1)
  A deep elf blademaster (Elf:3)
  2 krakens
  Gastronok (D:8)
  The ghost of Virpheidu the Executioner, an adept MiBe of Trog (Shoals:1)
  Donald (Orc:2)
  A deep elf sorcerer (Elf:3)
  4 orc warlords
  5 emperor scorpions
  2 ghost moths
  3 vault wardens
  A stone giant (D:15)
  An ironbound preserver (Vaults:2)
  A ghoul (Crypt:1)
  2 spark wasps
  4 entropy weavers
  2 dire elephants (Vaults:2)
  Azrael (D:15)
  The ghost of babamac the Severer, a journeyman HOFi (Orc:1)
  4 merfolk impalers
  Josephine (Spider:1)
  A merfolk javelineer (Shoals:3)
  2 deep elf high priests (Elf:3)
  A yaktaur captain (Vaults:1)
  9 hydras
  9 boulder beetles
  2 merfolk avatars
  A jorogumo (Spider:2)
  6 vault guards
  Erica (D:8)
  A demonspawn (Orc:2)
  3 radroaches
  A catoblepas (D:15)
  7 centaur warriors
  2 merfolk aquamancers (Shoals:4)
  A two-headed ogre (D:12)
  4 death yaks (Lair:1)
  A death knight (Crypt:1)
  15 dancing weapons
  A satyr (Shoals:2)
  A tengu warrior (D:15)
  The ghost of ripuliukko the Geomancer, a journeyman GrEE (D:12)
  8 orc high priests (Orc:2)
  A titan skeleton (Vaults:2)
  Nergalle (Lair:1)
  8 deep elf knights
  4 deep trolls
  4 pharaoh ants
  4 skeletal warriors
  2 sea snakes
  5 steelbarb worms
  A sun moth (Spider:1)
  4 orb spiders
  2 wizards
  2 spectral wolf spiders (Spider:3)
  A wolf spider zombie (Spider:3)
  10 orc knights
  6 deep elf zephyrmancers
  A deep elf archer (Elf:2)
  2 necromancers
  10 deep elf pyromancers
  12 wolf spiders
  4 harpies
  6 manticores
  Pikel (D:8)
  11 ugly things
  A salamander (shapeshifter) (D:15)
  A sphinx skeleton (Vaults:2)
  3 fauns
  5 orc sorcerers
  6 cyclopes
  8 elephants
  2 human skeletons (Vaults:2)
  A moth of wrath (Spider:4)
  2 water nymphs
  2 merfolk sirens
  A black mamba (shapeshifter) (D:15)
  3 black mambas (Lair:2)
  2 smoke demons (Orc:2)
  12 cane toads
  A vault sentinel (Vaults:1)
  2 gargoyles
  4 torpor snails
  4 rime drakes (Lair:5)
  An unseen horror (D:13)
  6 demonic crawlers (Spider:1)
  An efreet (D:14)
  A red devil (Orc:2)
  9 komodo dragons
  A freezing wraith (Crypt:1)
  A tengu conjurer (D:15)
  5 meliai
  6 trolls
  A queen bee (D:12)
  A polar bear (Lair:4)
  7 merfolk
  17 tarantellas
  A wolf spider simulacrum (Spider:3)
  2 hornets
  15 slime creatures
  A tarantella (shapeshifter) (D:14)
  A blink frog (Lair:5)
  5 wind drakes
  3 dream sheep
  6 snapping turtles
  3 shadows
  An air elemental (Elf:3)
  11 jumping spiders
  2 water elementals
  33 yaks
  A ynoxinul (D:12)
  16 culicivoras
  9 wyverns
  A yak (shapeshifter) (D:15)
  A neqoxec (Orc:2)
  2 steam dragons (Lair:5)
  6 wraiths
  3 fire elementals
  A basilisk (Lair:2)
  9 vampire mosquitoes
  Grum (D:8)
  36 redbacks
  3 wargs
  An acid dragon (D:8)
  A harpy simulacrum (Crypt:1)
  5 hell hounds (D:15)
  18 water moccasins
  An ogre skeleton (Vaults:2)
  A glowing shapeshifter skeleton (Vaults:2)
  A hornet zombie (Crypt:1)
  37 orc warriors
  3 black bears
  2 sky beasts
  An ice beast (D:7)
  5 ogres
  14 wolves
  12 centaurs
  A phantom (D:6)
  A lemure (D:8)
  10 bullfrogs
  A kobold brigand (D:4)
  4 necrophages
  2 gnoll sergeants
  An earth elemental (Elf:1)
  2 wights (D:9)
  17 killer bees
  A shapeshifter skeleton (Crypt:1)
  5 nameless horrors
  2 vampire bats (Lair:1)
  5 howler monkeys
  A bullfrog zombie (Crypt:1)
  5 jellies
  6 hounds
  29 orc priests
  An iguana (D:8)
  18 orc wizards
  9 gnolls
  6 adders
  2 shadow imps
  2 ufetubi
  A worm (D:2)
  2 dart slugs
  109 orcs
  4 ball pythons
  7 endoplasms
  2 giant cockroaches
  3 goblins
  6 hobgoblins
  3 quokkas
  11 bats
  4 frilled lizards
  6 kobolds
  6 rats
  A lurking horror (D:10)
  A tentacle (Shoals:3)
910 creatures vanquished.

Vanquished Creatures (others)
  An ironbound preserver (Vaults:4)
  An ironbound thunderhulk (Vaults:4)
  An entropy weaver (Spider:2)
  3 great orbs of eyes (Vaults:4)
  A hydra (Lair:5)
  A boulder beetle (Lair:4)
  A catoblepas (Lair:2)
  An ironbound frostheart (Vaults:4)
  A death yak (Lair:1)
  An orc high priest (Orc:2)
  Sonja (Lair:1)
  2 wizards (Vaults:4)
  A harpy (Lair:5)
  3 ironbound convokers (Vaults:4)
  2 orc knights
  2 merfolk sirens
  2 elephants (Lair:2)
  3 vault sentinels (Vaults:4)
  A black mamba (Lair:2)
  4 cane toads
  Maggie (D:8)
  A merfolk (Lair:3)
  A hornet (D:11)
  8 slime creatures (Vaults:4)
  A flying skull (Crypt:1)
  2 wyverns
  A water elemental (Elf:1)
  18 yaks
  A vampire mosquito (D:10)
  A steam dragon (D:10)
  An ogre (D:3)
  A wolf (Lair:4)
  A centaur (D:13)
  A wight (D:9)
  6 killer bees
  2 orc priests (Orc:2)
  40 jellies
  A gnoll (D:9)
  An ufetubus (D:7)
  An orc (D:8)
  A kobold zombie (Crypt:1)
  2 bushes
  48 fungi
  142 plants
  38 snaplasher vines
  11 tentacles
365 creatures vanquished.

Grand Total: 1855 creatures vanquished

Notes
Turn   | Place    | Note
-------+----------+-------------------------------------------
     0 | D:1      | MacCMillion the Felid Summoner began the quest for the Orb.
     0 | D:1      | Reached XP level 1. HP: 7/7 MP: 4/4
   438 | D:1      | Reached XP level 2. HP: 11/11 MP: 6/6
  1604 | D:2      | Found a faded altar of an unknown god.
  1667 | D:2      | Reached XP level 3. HP: 14/14 MP: 7/7
  1671 | D:2      | Learned a level 3 spell: Call Canine Familiar
  2622 | D:3      | Identified the +3 ring mail of Autotheism {Drain rN++ SInv}
  2699 | D:3      | Reached skill level 5 in Summonings
  2699 | D:3      | Reached XP level 4. HP: 18/18 MP: 9/9
  2766 | D:3      | Noticed an ogre
  2775 | D:3      | Learned a level 3 spell: Summon Guardian Golem
  2988 | D:3      | Found a runed translucent door.
  2989 | D:3      | Noticed Crazy Yiuf
  3126 | D:3      | Found Pitaq's Magic Scroll Emporium.
  3140 | D:3      | Bought a scroll of identify for 24 gold pieces
  3492 | D:4      | Found a sparkling altar of Nemelex Xobeh.
  3504 | D:4      | Reached skill level 1 in Hexes
  3703 | D:4      | Noticed a necrophage
  3737 | D:4      | Reached XP level 5. HP: 21/21 MP: 8/10
  4108 | D:4      | Reached skill level 1 in Fighting
  4462 | D:5      | Entered Level 5 of the Dungeon
  4574 | D:5      | Noticed a centaur
  4584 | D:5      | Killed a centaur
  4585 | D:5      | Gained mutation: You are covered in thick fur. (AC +2)
                  | [Felid growth]
  4585 | D:5      | Reached XP level 6. HP: 22/26 MP: 11/11
  5215 | D:5      | Noticed Grinder
  5354 | D:3      | Reached skill level 5 in Hexes
  5354 | D:3      | Reached XP level 7. HP: 30/30 MP: 9/13
  5763 | D:6      | Found a staircase to the Ecumenical Temple.
  5771 | Temple   | Entered the Ecumenical Temple
  5952 | D:6      | Reached skill level 5 in Dodging
  7011 | D:6      | Reached XP level 8. HP: 34/34 MP: 13/15
  7321 | D:6      | Learned a level 4 spell: Summon Lightning Spire
  7510 | D:7      | Reached skill level 1 in Air Magic
  8233 | D:7      | Found an opulent altar of Gozag.
  8233 | D:7      | Found an ornate altar of the Wu Jian Council.
  8342 | D:7      | Became a worshipper of Gozag Ym Sagoz the Greedy
  8406 | D:7      | Slain by a killer bee
  8407 | D:7      | Reached XP level 7. HP: -1/31 MP: 8/14
  8850 | D:7      | Found a white marble altar of Elyvilon.
  9228 | D:8      | Reached XP level 8. HP: 36/36 MP: 15/15
  9326 | D:8      | Reached skill level 5 in Air Magic
 10143 | D:8      | Noticed Erica
 10393 | D:8      | Noticed Gastronok
 10414 | D:8      | Reached XP level 9. HP: 39/39 MP: 12/17
 10451 | D:8      | Killed Erica
 10452 | D:8      | Reached skill level 5 in Spellcasting
 10469 | D:8      | Reached skill level 5 in Fighting
 10481 | D:8      | Noticed Maggie
 10497 | D:8      | Killed Maggie
 10502 | D:8      | Found a staircase to the Lair.
 10781 | D:8      | Reached XP level 10. HP: 15/44 MP: 17/19
 11060 | D:8      | Found Uruiz's Magic Scroll Shop.
 11067 | D:8      | Bought a scroll of fear for 44 gold pieces
 11067 | D:8      | Bought a scroll of noise for 11 gold pieces
 11070 | D:8      | Bought a scroll of magic mapping for 82 gold pieces
 11472 | D:8      | Noticed Grum
 11481 | D:8      | Killed Grum
 12102 | D:9      | Found a staircase to the Orcish Mines.
 12224 | D:9      | Found a burning altar of Makhleb.
 13230 | D:10     | Entered Level 10 of the Dungeon
 14422 | D:10     | Found a one-way gate to the infinite horrors of the Abyss.
 14423 | D:10     | Found a corrupted altar of Lugonu.
 14491 | D:10     | Reached skill level 10 in Dodging
 14511 | D:10     | Reached XP level 11. HP: 50/50 MP: 22/22
 16514 | Lair:1   | Entered Level 1 of the Lair of Beasts
 16514 | Lair:1   | Noticed Sonja
 16525 | Lair:1   | Killed Sonja
 16917 | Lair:1   | Reached skill level 10 in Summonings
 17251 | Lair:1   | Noticed a death yak
 17252 | Lair:1   | Noticed a death yak
 17253 | Lair:1   | Noticed a death yak
 17254 | Lair:1   | Noticed a death yak
 17283 | Lair:1   | Killed a death yak
 17297 | Lair:1   | Killed a death yak
 17306 | Lair:1   | Killed a death yak
 17307 | Lair:1   | Gained mutation: Your thick and shaggy fur keeps you warm.
                  | (AC +3, rC+) [Felid growth]
 17307 | Lair:1   | Reached XP level 12. HP: 56/56 MP: 23/25
 17316 | Lair:1   | Killed a death yak
 17353 | Lair:1   | Noticed a death yak
 17361 | Lair:1   | Killed a death yak
 17536 | Lair:1   | Noticed Nergalle
 17950 | Lair:1   | Killed Nergalle
 18347 | Lair:1   | Identified the +2 robe "Xeuvadag" {rC+ rN+}
 19215 | Lair:2   | Noticed an eight-headed hydra
 19383 | Lair:2   | Killed an eight-headed hydra
 19393 | Lair:2   | Noticed a catoblepas
 19542 | Lair:2   | Noticed a six-headed hydra
 19877 | Lair:2   | Noticed a seven-headed hydra
 19887 | Lair:2   | Killed a seven-headed hydra
 19979 | Lair:2   | Reached skill level 10 in Fighting
 20157 | Lair:2   | Killed a six-headed hydra
 20212 | Lair:2   | Killed a catoblepas
 21096 | Lair:3   | Reached XP level 13. HP: 61/61 MP: 27/27
 21427 | Lair:3   | Found a hole to the Spider Nest.
 21556 | Lair:3   | Reached skill level 10 in Spellcasting
 21673 | Lair:3   | Found a staircase to the Shoals.
 21933 | Lair:3   | Noticed Fannar
 22374 | Lair:4   | Found a staircase to the Slime Pits.
 22375 | Lair:4   | Found a viscous altar of Jiyva.
 23125 | Lair:5   | Entered Level 5 of the Lair of Beasts
 23290 | Lair:5   | HP: 3/63 [poisoned by a cane toad]
 23290 | Lair:5   | Slain by a water moccasin
 23291 | Lair:5   | Reached XP level 12. HP: -2/59 MP: 34/36
 23291 | Lair:5   | Noticed a five-headed hydra
 23703 | Lair:5   | Reached skill level 15 in Dodging
 24011 | Lair:5   | Noticed a seven-headed hydra
 24018 | Lair:5   | Killed a seven-headed hydra
 24318 | Lair:5   | Noticed a merfolk avatar
 24878 | Lair:5   | Noticed a six-headed hydra
 24893 | Lair:5   | Killed a six-headed hydra
 24894 | Lair:5   | Reached XP level 13. HP: 64/64 MP: 28/28
 25667 | Lair:4   | Learned a level 6 spell: Summon Cactus Giant
 25673 | Lair:4   | Learned a level 5 spell: Summon Forest
 25807 | Orc:1    | Entered Level 1 of the Orcish Mines
 25907 | Orc:1    | Reached skill level 1 in Translocations
 25958 | Orc:1    | Found a runed translucent gate.
 25959 | Orc:1    | Found a runed translucent gate.
 25959 | Orc:1    | Found a runed translucent gate.
 25961 | Orc:1    | Noticed babamac's ghost (journeyman HOFi)
 26114 | Orc:2    | Entered Level 2 of the Orcish Mines
 26123 | Orc:2    | Noticed Donald
 26143 | Orc:2    | Killed Donald
 26219 | Orc:2    | Found a staircase to the Elven Halls.
 26766 | Orc:2    | Slain by a sixfirhy
 26767 | Orc:2    | Reached XP level 12. HP: -2/61 MP: 35/36
 27619 | Orc:2    | Killed an orc high priest
 27882 | Orc:2    | Found Uniuh's Magic Scroll Boutique.
 28057 | Orc:2    | Found Hehith's General Store.
 28081 | Orc:2    | Reached skill level 5 in Translocations
 28281 | Orc:2    | Noticed an orc high priest
 28309 | Orc:2    | Killed an orc high priest
 28528 | Orc:2    | Noticed an orc high priest
 28537 | Orc:2    | Killed an orc high priest
 28539 | Orc:2    | Noticed an orc high priest
 28720 | Orc:2    | Noticed an orc high priest
 28748 | Orc:2    | Killed an orc high priest
 28816 | Orc:2    | Killed an orc high priest
 28861 | Orc:2    | Noticed an orc high priest
 28871 | Orc:2    | Killed an orc high priest
 28872 | Orc:2    | Reached XP level 13. HP: 65/65 MP: 27/28
 28939 | Orc:2    | Found Vuros's Book Shoppe.
 28939 | Orc:2    | Found Koashoto's Antique Armour Emporium.
 28966 | Orc:2    | Found a one-way gate leading to the halls of Pandemonium.
 29081 | D:8      | Bought a book of Transfigurations for 560 gold pieces
 29123 | D:8      | Killed Gastronok
 29153 | D:8      | Noticed Pikel
 29157 | D:8      | Killed Pikel
 29514 | Orc:1    | Noticed an orc warlord
 29528 | Orc:1    | Killed an orc warlord
 30017 | Orc:1    | Noticed an orc warlord
 30292 | Orc:1    | Killed an orc warlord
 30725 | Orc:1    | Killed babamac's ghost
 30726 | Orc:1    | Reached skill level 1 in Transmutations
 32006 | D:12     | Found a runed translucent door.
 32010 | D:12     | Noticed ripuliukko's ghost (journeyman GrEE)
 32034 | D:12     | Reached skill level 5 in Transmutations
 32147 | D:12     | Noticed Rupert
 32174 | D:12     | Killed Rupert
 32541 | D:12     | Reached XP level 14. HP: 70/70 MP: 29/29
 33578 | D:12     | Killed ripuliukko's ghost
 33613 | D:12     | Got the Discourse on Bedrock
 33754 | D:13     | Found a gate to the Vaults.
 34236 | D:13     | Learned a level 7 spell: Dragon Form
 35239 | D:13     | Reached skill level 10 in Transmutations
 37006 | D:14     | You fall into a shaft and drop 1 floor!
 37006 | D:15     | Entered Level 15 of the Dungeon
 37947 | D:15     | Found Tajuguf's Jewellery Shoppe.
 37988 | D:15     | Found a viscous altar of Jiyva.
 38123 | D:15     | Reached XP level 15. HP: 63/73 MP: 22/30
 38140 | D:15     | Noticed Azrael
 38142 | D:15     | Killed Azrael
 38318 | D:15     | Found an opulent altar of Gozag.
 38432 | D:15     | Found a staircase to the Depths.
 38954 | Spider:1 | Entered Level 1 of the Spider Nest
 39611 | Spider:1 | Noticed Josephine
 39615 | Spider:1 | Killed Josephine
 39884 | D:8      | Bought a scroll of identify for 22 gold pieces
 39884 | D:8      | Bought a scroll of butterflies for 44 gold pieces
 39884 | D:8      | Bought a scroll of vulnerability for 44 gold pieces
 39884 | D:8      | Bought a scroll of identify for 22 gold pieces
 39985 | Orc:2    | Bought a scroll of identify for 28 gold pieces
 39987 | Orc:2    | Bought a scroll of identify for 28 gold pieces
 40408 | Spider:1 | Reached skill level 15 in Transmutations
 41288 | Spider:1 | Noticed an emperor scorpion
 41296 | Spider:1 | Killed an emperor scorpion
 43111 | Spider:2 | Noticed Arachne
 43380 | Spider:2 | Killed Arachne
 44515 | Spider:2 | Noticed an emperor scorpion
 44534 | Spider:2 | Killed an emperor scorpion
 44894 | Spider:3 | Reached XP level 16. HP: 78/78 MP: 27/31
 47108 | Spider:4 | Entered Level 4 of the Spider Nest
 47245 | Spider:3 | HP: 3/118 [culicivora (15)]
 49157 | Spider:4 | Reached skill level 15 in Fighting
 49253 | Spider:4 | Mangled by a pharaoh ant
 49254 | Spider:4 | Reached XP level 15. HP: -8/109 MP: 26/39
 49266 | Spider:4 | Noticed an emperor scorpion
 49316 | Spider:4 | Killed an emperor scorpion
 50010 | Spider:4 | Killed an emperor scorpion
 50869 | D:8      | Bought a book of Spatial Translocations for 364 gold pieces
 51013 | Lair:3   | Learned a level 5 spell: Manifold Assault
 51015 | Shoals:1 | Entered Level 1 of the Shoals
 51059 | Shoals:1 | Reached skill level 1 in Unarmed Combat
 52065 | Shoals:1 | Found a runed translucent door.
 52108 | Shoals:1 | Reached XP level 16. HP: 81/81 MP: 32/32
 52213 | Shoals:1 | Noticed Virpheidu's ghost (adept MiBe)
 52537 | Shoals:1 | Killed Virpheidu's ghost
 52664 | Shoals:1 | Identified the ring "Ujy Mank" {+Blink rElec rF- rCorr}
 52872 | Shoals:2 | Identified a scroll of acquirement
 52872 | Shoals:2 | Acquired 1172 gold pieces
 53637 | Shoals:2 | Reached skill level 5 in Unarmed Combat
 53833 | Shoals:2 | Noticed a kraken
 53837 | Shoals:2 | Killed a kraken
 54043 | Shoals:3 | Reached skill level 10 in Translocations
 54385 | Shoals:3 | Noticed a kraken
 54402 | Shoals:3 | Killed a kraken
 55414 | Shoals:3 | Found a hide-covered altar of Uskayaw.
 55535 | Shoals:3 | Identified the +8 longbow of Slime {vorpal, rN+ Dex-2
                  | Stlth+}
 55728 | Shoals:3 | Identified the ring "Sinet" {rF+ Will++}
 55779 | Shoals:4 | Entered Level 4 of the Shoals
 57028 | Shoals:4 | Identified the +6 quarterstaff of Jukh {antimagic, rPois
                  | Str+3 Int+2}
 57033 | Shoals:4 | Reached XP level 17. HP: 85/85 MP: 33/34
 57272 | Shoals:4 | Got a barnacled rune of Zot
 57912 | Elf:1    | Entered Level 1 of the Elven Halls
 58315 | Elf:1    | Paralysed by an air elemental for 1 turns
 58484 | Elf:1    | Found a magical portal.
 58507 | WizLab   | Entered Tukima's Studio
 58659 | WizLab   | Identified the +3 hand crossbow of Might {speed, Fragile
                  | rC+ Int+2}
 59063 | WizLab   | Identified the +3 hand crossbow of the Changing Gods
                  | {speed, rElec}
 59131 | WizLab   | Noticed MacCMillion's illusion
 59137 | WizLab   | Noticed MacCMillion's illusion
 59187 | WizLab   | Noticed a walking earthen tome
 59192 | WizLab   | Killed a walking earthen tome
 59257 | WizLab   | Noticed a walking earthen tome
 59257 | WizLab   | Noticed a walking frostbound tome
 59420 | WizLab   | Killed a walking frostbound tome
 59533 | WizLab   | Killed a walking earthen tome
 59643 | WizLab   | Noticed MacCMillion's illusion
 59774 | WizLab   | Identified the +1 cloak "Laec Myu" {+Blink}
 59960 | Elf:1    | Reached skill level 10 in Unarmed Combat
 60103 | Elf:1    | Paralysed by an air elemental for 1 turns
 60746 | Elf:1    | Reached skill level 15 in Translocations
 61075 | Elf:1    | You are sucked into a shaft and drop 1 floor!
 61093 | Elf:2    | Paralysed by an air elemental for 1 turns
 61097 | Elf:2    | Paralysed by an air elemental for 1 turns
 61227 | Elf:2    | Found a flickering gateway to a bazaar.
 61249 | Bazaar   | Entered a bazaar
 61251 | Bazaar   | Found Beoxkar's Distillery.
 61255 | Bazaar   | Found Sonur's General Store.
 61255 | Bazaar   | Found Yrroaqy's General Store.
 61256 | Bazaar   | Found Watheobluf's Book Boutique.
 61281 | Bazaar   | Bought 2 scrolls of amnesia for 88 gold pieces
 61289 | Bazaar   | Bought a potion of heal wounds for 55 gold pieces
 61289 | Bazaar   | Bought a potion of resistance for 110 gold pieces
 61289 | Bazaar   | Bought a potion of haste for 110 gold pieces
 61289 | Bazaar   | Bought a potion of heal wounds for 55 gold pieces
 61822 | Elf:1    | Got the Anthology of Bolts
 62866 | Elf:2    | Reached XP level 18. HP: 89/89 MP: 25/36
 62887 | Elf:2    | Found a runed translucent gate.
 62888 | Elf:2    | Found a runed translucent gate.
 62888 | Elf:2    | Found a runed translucent gate.
 63057 | Elf:2    | Identified the +2 scale mail of Spring {rC- rN++}
 64290 | Elf:3    | Entered Level 3 of the Elven Halls
 64484 | Elf:3    | Found Ukigul's Antique Armour Shoppe.
 64556 | Elf:3    | Identified the +10 quarterstaff "Dusivant" {spect, rPois
                  | Int+4 Dex+3}
 65274 | Elf:3    | Paralysed by an air elemental for 1 turns
 66980 | Elf:3    | Learned a level 2 spell: Blink
 66983 | Elf:3    | Learned a level 2 spell: Wereblood
 66989 | Elf:3    | Learned a level 5 spell: Yara's Violent Unravelling
 67021 | Elf:3    | Identified the +9 short sword of Bavakuts {pain, rElec}
 67021 | Elf:3    | Identified the +8 morningstar of Imminent Death {freeze,
                  | rPois rF+ rN+ MP+9}
 67164 | Elf:3    | Identified the ring of Eternity {rElec rCorr Str-2 Dex+2}
 67971 | Elf:3    | Identified the ring "Riamet" {Str+6 Int+5 Dex-5}
 68782 | Elf:3    | Identified the +5 chain mail of Miracles {MP+9 Dex+5}
 68801 | Elf:3    | Identified the +0 plate armour "Ovvecuam" {+Inv rF++ rC+}
 68808 | Elf:3    | Shot with an arrow by a deep elf master archer
 68809 | Elf:3    | Reached XP level 17. HP: -6/132 MP: 21/35
 68980 | Elf:3    | Killed a deep elf master archer
 69091 | Elf:3    | Noticed a deep elf blademaster
 69104 | Elf:3    | Killed a deep elf blademaster
 69188 | Elf:3    | Found the +3 greatsling "Punk" {acid, rCorr}
 69194 | Elf:3    | Identified the +0 helmet of the Old World {-Tele Rampage
                  | Slay+3}
 69493 | Elf:3    | Killed a deep elf blademaster
 69494 | Elf:3    | Reached XP level 18. HP: 93/93 MP: 12/36
 69694 | Elf:3    | Found Ukigul's Antique Armour Shoppe.
 70503 | Vaults:1 | Entered Level 1 of the Vaults
 70840 | Vaults:1 | Identified the +10 battleaxe "Yrchongo" {flame, Int+2}
 71318 | Vaults:1 | You are sucked into a shaft and drop 1 floor!
 71459 | Vaults:1 | Found a portal to a secret trove of treasure.
 71636 | Vaults:1 | Noticed Asterion
 71641 | Vaults:1 | Killed Asterion
 73460 | Vaults:2 | Reached skill level 15 in Unarmed Combat
 75215 | Vaults:2 | Found a staircase to the Crypt.
 75383 | Vaults:2 | Identified the +1 quarterstaff "Woxtuephue" {vorpal, rPois
                  | Int+4}
 75618 | Vaults:2 | Reached XP level 19. HP: 99/99 MP: 13/37
 76250 | Vaults:2 | Identified the +5 rapier of Kuiffulu {antimagic, Dex+4}
 76649 | Vaults:2 | Found Legum's Assorted Antiques.
 76653 | Vaults:2 | Bought a potion of haste for 410 gold pieces
 76785 | Vaults:3 | Found Winet's Antique Armour Emporium.
 77114 | Vaults:3 | Found Pokenieg's Armour Emporium.
 77121 | Vaults:3 | Found Cihoja's Antique Weapon Shoppe.
 77962 | Vaults:3 | Found Ydiowk's Book Shop.
 77969 | Vaults:3 | Bought a book of the Sky for 704 gold pieces
 79079 | Lair:4   | Bought a book of the Senses for 512 gold pieces
 79307 | D:3      | Bought a scroll of summoning for 114 gold pieces
 79307 | D:3      | Bought a scroll of blinking for 90 gold pieces
 79307 | D:3      | Bought a scroll of blinking for 90 gold pieces
 79307 | D:3      | Bought a scroll of blinking for 90 gold pieces
 79553 | Lair:4   | Bought a potion of might for 60 gold pieces
 79553 | Lair:4   | Bought a potion of haste for 150 gold pieces
 79553 | Lair:4   | Bought 2 potions of cancellation for 240 gold pieces
 79553 | Lair:4   | Bought 2 potions of haste for 300 gold pieces
 79555 | Lair:4   | Bought a potion of resistance for 160 gold pieces
 79555 | Lair:4   | Bought a potion of haste for 160 gold pieces
 79555 | Lair:4   | Bought a potion of haste for 160 gold pieces
 79555 | Lair:4   | Bought a potion of magic for 128 gold pieces
 79555 | Lair:4   | Bought a potion of haste for 160 gold pieces
 79556 | Lair:4   | Fell from the grace of Gozag
 79556 | Lair:4   | Became a worshipper of Jiyva Jimussal the Shapeless
 80608 | Crypt:1  | Entered Level 1 of the Crypt
 81872 | Crypt:1  | Noticed Bai Suzhen
 81879 | Crypt:1  | Killed Bai Suzhen
 82261 | Crypt:1  | Reached * piety under Jiyva
 82421 | Crypt:1  | Noticed Zenata
 82425 | Crypt:1  | Killed Zenata
 82426 | Crypt:1  | Reached skill level 10 in Air Magic
 82731 | Crypt:1  | Noticed Frederick
 82740 | Crypt:1  | Killed Frederick
 83311 | Crypt:2  | Reached XP level 20. HP: 96/98 MP: 22/38
 83338 | Crypt:2  | Noticed Boris
 83359 | Crypt:2  | Killed Boris
 83688 | Crypt:2  | Reached ** piety under Jiyva
 84070 | Crypt:2  | Slain by a reaper
 84071 | Crypt:2  | Reached XP level 19. HP: 0/150 MP: 34/37
 84147 | Crypt:2  | Annihilated by a reaper

Illustrated notes

Levels and vault maps discovered:
D:1:      ebering_trefoil_twist, layout_loops_ring, roderic_lattice_a
D:2:      layout_loops_ring, ebering_ecumenical_altar_webs, chequers_garden,
          minmay_misc_feat_diagonals, lightli_corner_chamber
D:3:      minmay_door_path, layout_basic, serial_shops, nicolae_lakefront_shop,
          minmay_misc_feat_x, uniq_crazy_yiuf_cottage
D:4:      layout_basic, mainiacjoe_overflow_chevrons
D:5:      layout_loops_cross, minmay_crystal_water, uniq_grinder
D:6:      layout_basic, minmay_temple_entry_statues_pillars
D:7:      layout_rooms, mainiacjoe_overflow_tiny_flanked,
          amethyst_overflow_temple_binary
D:8:      layout_gridville, minmay_lair_entry_grove, serial_shops, shop,
          minmay_misc_feat_enclosed, uniq_erica, uniq_pikel, uniq_gastronok,
          uniq_grum, uniq_maggie
D:9:      layout_layer_cave, mainiacjoe_overflow_paths, david_orc_2
D:10:     layout_loops_corners, amcnicky_altar_lugonu_corruption
D:11:     layout_loops_ring, hangedman_corner_corridor
D:12:     layout_layer_cave, hellmonk_ghost_big_iron, minivault_7, uniq_rupert
D:13:     layout_irregular_city, lightli_vaults_fourway_checkpoint,
          serial_column_ruins, column_ruins_hut, column_ruins_columns_corner,
          column_ruins_grid_4, column_ruins_open_medium, column_ruins_grid_2,
          minmay_fractal_squares_gapless_5
D:14:     layout_roguey [special_room_orc]
D:15:     hangedman_depths_entry_civil_slaughter, layout_basic, serial_shops,
          nicolae_shop_advertising_works [nicolae_subvault_shop_adworks],
          grunt_gozag_statues, jiyva_altar_1, uniq_azrael
Temple:   sentei_temple_godly_chess
Lair:1:   layout_layer_cave, roderic_batcave, chequers_serial_rivers_micro_d,
          uniq_sonja, uniq_nergalle
Lair:2:   minmay_lair_oklob_chamber, layout_regular_city, lemuel_fruit_tree,
          grunt_megastairs_3
Lair:3:   layout_regular_city, elwin_shoals_entry_stream,
          hellmonk_spider_entry_not_the_bees, uniq_fannar
Lair:4:   layout_loops_ring, slime_entry_1
Lair:5:   gammafunk_lair_ancient_temple, layout_regular_city, minivault_25,
          lookout_lair_type, st_stairs_4
Shoals:1: layout_shoals, ebering_ghost_reflecting_pool
Shoals:2: layout_shoals
Shoals:3: layout_shoals, regret_index_shoals_crete
Shoals:4: shoals_end_simple, layout_shoals
Spider:1: layout_cave_pods, worms_lemuel, uniq_josephine
Spider:2: layout_cave_pods, drop_trap, uniq_arachne
Spider:3: layout_chambers, nicolae_spider_undead_wolf_pack
Spider:4: hellmonk_spider_rune_endless_swarm
Orc:1:    cheibrodos_orc_arena, layout_caves, biasface_ghost_orc_armoury
Orc:2:    pf_orc_diabolical, layout_caves, gauntlet_entry_generic,
          bh_open_orc_temple, uniq_donald
Elf:1:    layout_loops_corners, serial_glass, glass_columns_a, glass_columns_a,
          lightli_enter_wizlab_magi_temple, minmay_elf_sorcery
Elf:2:    nicolae_elf_blades_crystal_corner, layout_geoelf_octagon,
          serial_sigils, serial_sigils_hangedman_gut,
          serial_sigils_hangedman_quiver, serial_sigils_hangedman_stare,
          serial_sigils_hangedman_quiver, serial_sigils_hangedman_quiver,
          serial_shops, bzr_entry_road
Elf:3:    minmay_elf_hall_statues, layout_onion_city, serial_shops,
          nicolae_shop_statue_plus, drop_trap, minivault_28
Vaults:1: ontoclasm_vaults_bender, st_quartered_hall, v_pattern_3,
          grunt_vaults_focal, vaults_room_ringed_pool,
          nicolae_vaults_what_the_h, vaults_room_pool, vaults_room_door_hall,
          layout_vaults_omnigrid, nicolae_trove_entry_columns, uniq_asterion
Vaults:2: vaults_standard_mumra_lines, vaults_room_semicircle,
          vaults_room_boxed, v_misc_22, minmay_crypt_entry_skeletal_spiral,
          grunt_vaults_hallway_long, nicolae_vaults_stairing_the_circle,
          nicolae_vaults_mini_display_case, v_misc_28, hangedman_vaults_trim,
          layout_vaults_ring, serial_shops, shop
Vaults:3: hangedman_vaults_cutoff, v_misc_10, v_misc_27, grunt_vaults_swirl,
          v_misc_15, vaults_room_pools, hangedman_vaults_impose,
          vaults_dpeg_encased_lava, ontoclasm_vaults_loading_screen,
          layout_vaults_chaotic_city, serial_shops, shop_fountains, shop, shop,
          nicolae_shop_trees
Vaults:4: vaults_mumra_chevron_long, v_misc_14, vaults_dpeg_diagonal,
          vaults_room_door_ring, hangedman_vaults_restitches,
          dpeg_vaults_monster_box, st_lattice, grunt_vaults_hallway_long,
          grunt_vaults_diagonal, v_misc_9, nicolae_vaults_rhombus_6,
          hangedman_vaults_variations, v_misc_15, v_misc_11,
          nicolae_vaults_network_star, layout_vaults_maze_bifur
Crypt:1:  layout_catacombs, uniq_bai_suzhen, uniq_zenata, uniq_frederick
Crypt:2:  layout_gridlike, grunt_megastairs_1, uniq_boris

Skill      XL: |  1  2  3  4  5  6  7  8  9 10 11 12 13 14 15 16 17 18 19 20 |
---------------+-------------------------------------------------------------+-----
Stealth        | 3 |  3.0
Summonings     | 5 6 7 9 10 11 13 | 13.8
Dodging        | 3 4 5 6 8 10 11 15 17 19 | 19.0
Hexes          | 1 3 5 |  5.0
Spellcasting   | 3 4 5 7 8 9 10 11 12 13 | 13.2
Fighting       | 1 2 3 4 5 7 8 12 13 15 18 19 | 19.3
Air Magic      | 4 7 10 12 | 12.2
Translocations | 7 8 9 12 15 | 15.3
Transmutations | 6 12 16 | 16.0
Unarmed Combat | 3 8 10 15 16 | 16.0

Action                   |  1- 3 |  4- 6 |  7- 9 | 10-12 | 13-15 | 16-18 | 19-21 || total
-------------------------+-------+-------+-------+-------+-------+-------+-------++-------
Melee: Unarmed           |     2 |     6 |     1 |     7 |   165 |  1117 |   419 ||  1717
       Bite              |     1 |       |       |     1 |    21 |    45 |    12 ||    80
       Punch             |       |       |       |       |     5 |    25 |    10 ||    40
       Tailslap          |       |       |       |       |    17 |    59 |    18 ||    94
 Cast: Summon Small Mamm |    78 |    13 |    13 |       |       |       |       ||   104
       Call Canine Famil |     1 |    21 |    70 |    85 |   116 |    20 |       ||   313
       Summon Guardian G |       |     3 |    30 |    82 |    48 |       |       ||   163
       Summon Lightning  |       |       |    11 |   131 |   163 |    78 |     2 ||   385
       Summon Forest     |       |       |       |    10 |    88 |    79 |    18 ||   195
       Summon Cactus Gia |       |       |       |     1 |   143 |   139 |    21 ||   304
       Dragon Form       |       |       |       |       |    49 |   197 |    55 ||   301
       Manifold Assault  |       |       |       |       |    27 |   518 |   214 ||   759
       Yara's Violent Un |       |       |       |       |       |     7 |       ||     7
Invok: Call Merchant     |       |       |       |     2 |     5 |       |     2 ||     9
 Abil: Breathe Fire      |       |       |       |       |     3 |     4 |       ||     7
Evoke: Phantom mirror    |       |       |       |       |     2 |       |     1 ||     3
  Use: Scroll            |       |     2 |     1 |     7 |    19 |    11 |     1 ||    41
       Potion            |       |       |     3 |     2 |     9 |     6 |       ||    20
 Stab: Distracted        |       |     1 |       |       |     2 |     7 |       ||    10
       Held in net/web   |       |       |       |       |     1 |       |       ||     1
       Sleeping          |       |       |       |       |       |       |     1 ||     1
Armor: Skin              |     4 |     1 |     5 |     6 |    82 |   134 |    51 ||   283
Dodge: Dodged            |    22 |    19 |    85 |    91 |   336 |   332 |    55 ||   940
